nht, chaotic female elven Wizard ------ |....| ....$| |.s..| |?.@.| ---|-- # # ## -.--- |...| |...| |...| |...| |...| |.).| ----- nht the Thaumaturge Experience level: 6 Strength: 11 Dexterity: 11 Constitution: 11 Intelligence: 19 Wisdom: 9 Charisma: 14 Health: 0(39) Energy: 1(55) Def: 1 Gold: 611 Moves: 1276 Dungeon seed: DMJjJlS1b3HFo9af Game ID: nht_1433410480 Your Inventory: Coins $ - 611 gold pieces Weapons a - a blessed +1 quarterstaff (weapon in hands) x - a +2 dwarvish mattock Armor e - a blessed +0 cloak of magic resistance (being worn) Potions F - an uncursed potion of sleeping Rings c - an uncursed ring of poison resistance d - an uncursed ring of polymorph E - an uncursed +1 ring of increase accuracy O - an uncursed ring of protection from shape changers Wands i - a blessed wand of fire (0:4) q - a wand of enlightenment (0:11) s - a wand of probing (0:5) Tools b - a blessed bag of holding f - an uncursed tooled horn o - a magic marker (0:18) t - an uncursed towel v - an uncursed skeleton key Gems y - an uncursed worthless piece of violet glass Contents of the bag of holding: an uncursed amulet of restful sleep a cursed amulet of strangulation a cursed amulet of strangulation a cursed -1 pair of levitation boots 3 uncursed scrolls of amnesia a cursed scroll of amnesia 4 uncursed scrolls of blank paper an uncursed scroll of confuse monster a blessed scroll of create monster a cursed scroll of create monster an uncursed scroll of destroy armor an uncursed scroll of earth a cursed scroll of earth a blessed scroll of enchant armor an uncursed scroll of enchant armor an uncursed scroll of food detection an uncursed scroll of genocide a cursed scroll of genocide 3 uncursed scrolls of identify 2 blessed scrolls of light 3 uncursed scrolls of light 3 uncursed scrolls of magic mapping a cursed scroll of magic mapping a blessed scroll of remove curse 2 uncursed scrolls of remove curse 2 cursed scrolls of remove curse an uncursed scroll of scare monster an uncursed scroll of taming an uncursed spellbook of force bolt an uncursed spellbook of identify a blessed spellbook of knock an uncursed spellbook of stone to flesh a cursed spellbook of teleport away an uncursed spellbook of turn undead an uncursed potion of extra healing a potion of holy water Spells known in the end: Name Level Category Fail Memory a - force bolt 1 attack 0% 94% b - magic missile 2 attack 0% 94% c - light 1 divination 0% 94% d - detect monsters 1 divination 0% 95% e - knock 1 matter 0% 95% Your skills at the end: Fighting Skills Weapon Skills quarterstaff [Basic] Spellcasting Skills attack spells [Basic] enchantment spells [Basic] Final Attributes: You were piously aligned. You were sleep resistant. You were magic-protected. You had infravision. You are dead. Vanquished creatures: 2 dwarf kings a violet fungus 4 gnome lords a gnomish wizard a golden naga hatchling a straw golem a paper golem 4 dwarves a large kobold 20 gnomes 2 Keystone Kops a gecko 2 jackals 2 kobold zombies 2 newts 45 creatures vanquished. Voluntary challenges: You followed a strict vegan diet. You used a wielded weapon 69 times, starting on turn 53. You read items or engraved 25 times, starting on turn 62. You never genocided any monsters. You never polymorphed an object. You never changed form. You used no wishes. You never split a pudding. You wrote Elbereth's name 5 times, starting on turn 1111. You never violated your personal moral code. You disabled loading bones files. Dungeon overview: The Dungeons of Doom: levels 1 to 13 Level 1 an altar to Ptah, a fountain a long staircase Level 2 a general store, some fountains Level 3 a general store Level 4 stairs to The Gnomish Mines Level 5 Level 6 Level 7 a scroll shop Level 8 (throne) Level 9 Level 10 Level 11 Level 12 Level 13 (shopnw) <- You were here The Gnomish Mines: levels 5 to 7 Level 5 stairs to The Dungeons of Doom Level 6 Level 7 some shops, a temple to Anhur, some fountains, some trees History has recorded: On T:1 you entered the Dungeons of Doom to retrieve the Amulet of Yendor! On T:60 you reached level 2 of The Dungeons of Doom. On T:234 you reached level 3 of The Dungeons of Doom. On T:350 you reached level 4 of The Dungeons of Doom. On T:466 you reached level 1 of The Gnomish Mines. On T:468 you advanced to experience level 2. On T:476 you advanced to experience level 3. On T:490 you advanced to experience level 4. On T:552 you reached level 2 of The Gnomish Mines. On T:563 you advanced to experience level 5. On T:737 you advanced to experience level 6. On T:744 you reached level 3 of The Gnomish Mines. On T:1054 you reached level 5 of The Dungeons of Doom. On T:1075 you reached level 6 of The Dungeons of Doom. On T:1094 you reached level 7 of The Dungeons of Doom. On T:1161 you reached level 8 of The Dungeons of Doom. On T:1184 you reached level 9 of The Dungeons of Doom. On T:1208 you reached level 10 of The Dungeons of Doom. On T:1227 you reached level 11 of The Dungeons of Doom. On T:1233 you reached level 12 of The Dungeons of Doom. On T:1252 you reached level 13 of The Dungeons of Doom. Score breakdown: Gold: 611 ( 9479 points) Experience: 6 levels (12456 points) Exploration: 13 levels ( 27.66%) (15322 points) Discoveries: 14 items ( 5.05%) ( 6744 points) Valuables value: (no points given unless you survive) Artifact value: 0 ( 0 points) Variety of kills: 15 monsters ( 3.96%) ( 5968 points) Time penalty: 1276 turns ( 0 points) Survival: died (score multiplied by 80%) Total score: 39975 Latest messages: You put 3 scrolls of magic mapping into the bag called holding. You put 3 scrolls called lgvz2 into the bag called holding. You put an uncursed scroll of confuse monster into the bag called holding. You put a scroll called vn2 into the bag called holding. You put 3 uncursed scrolls of light into the bag called holding. You put 2 scrolls of remove curse into the bag called holding. You put 4 uncursed unlabeled scrolls into the bag called holding. You put a scroll called vf2 into the bag called holding. You put a scroll called zm2 into the bag called holding. (2x) You put a scroll called ea into the bag called holding. You put 2 scrolls of light into the bag called holding. You put a scroll called ee3 into the bag called holding. You put a scroll called rats1 into the bag called holding. You put 2 scrolls of remove curse into the bag called holding. You put a scroll called vn2 into the bag called holding. You put a scroll called ea into the bag called holding. You put 3 uncursed scrolls of identify into the bag called holding. You put a cursed scroll of magic mapping into the bag called holding. You have a little trouble removing K - 2 scrolls of light (unpaid, 100 zorkmids). You have a little trouble removing j - a blessed scroll of remove curse (unpaid, 80 zorkmids). You have a little trouble removing U - 2 scrolls of remove curse (unpaid, 160 zorkmids). The spell misses the giant spider. The giant spider bites! You die... Final status: Goodbye nht the Wizard, killed by a giant spider... You died in The Dungeons of Doom on dungeon level 13 with 39975 points, and 611 pieces of gold, after 1276 moves. You were level 6 with a maximum of 39 hit points when you died.